 Dungeon Crawl Stone Soup version 0.31-a0-662-g684573625c (webtiles) character file.

Game seed: 2056481111629639542

189 SmokeWeed the Poker (level 5, 0/39 HPs)
             Began as a Merfolk Gladiator on Aug 31, 2023.
             Slain by an orc warrior
             ... wielding a +0 dire flail
              (1 damage)
             ... on level 3 of the Dungeon.
             The game lasted 00:04:13 (1948 turns).

SmokeWeed the Poker (Merfolk Gladiator)             Turns: 1948, Time: 00:04:13

Health: 0/39       AC: 10    Str: 21    XL:     5   Next: 68%
Magic:  5/5        EV: 10    Int:  9    God:
Gold:   143        SH:  0    Dex: 15    Spells: 4/4 levels left

rFire   . . .        a - +0 trident
rCold   . . .        (no shield)
rNeg    . . .        k - +0 chain mail
rPois   .            c - +0 helmet
rElec   .            (no cloak)
rCorr   .            l - +0 pair of gloves
SInv    .            (no boots)
Will    +....        (no amulet) Stlth
                     o - +6 ring of strength
HPRegen 0.26/turn    (no ring)
MPRegen 0.09/turn

%: no passive effects
@: enlightened, flying
A: (nimble swimmer 2), mertail
a: no special abilities


You were on level 3 of the Dungeon.
You visited 1 branch of the dungeon, and saw 3 of its levels.

You collected 143 gold pieces.

Inventory:

Hand Weapons
 a - a +0 trident (weapon)
Missiles
 e - a javelin
 g - 3 poisoned darts
Armour
 c - a +0 helmet (worn)
 k - a +0 chain mail (worn)
 l - a +0 pair of gloves (worn)
Jewellery
 o - a +6 ring of strength (left hand)
 p - a ring of protection from cold
Talismans
 n - a serpent talisman
Wands
 b - a wand of charming (12)
Scrolls
 f - a scroll of immolation {unknown}
 h - a scroll of identify
 i - 2 scrolls of teleportation {unknown}
 j - a scroll of fear {unknown}
 m - 2 scrolls of fog {unknown}
 q - a scroll of poison {unknown}
 s - a scroll of enchant armour {unknown}


   Skills:
 + Level 2.7 Fighting
 + Level 6.3 Polearms
 + Level 2.1 Throwing
 + Level 1.3 Armour
 + Level 5.1 Dodging
 + Level 0.7 Stealth


You had 4 spell levels left.
You didn't know any spells.
Your spell library contained the following spells:

 Spells                   Type           Power      Damage    Failure   Level
 Sandblast                Erth           0%         2d4       97%         1
 Passwall                 Tmut/Erth      0%         N/A       99%         2
 Stone Arrow              Conj/Erth      0%         3d7       100%        3


Dungeon Overview and Level Annotations

Branches:
Dungeon (3/15)

Altars:
Uskayaw


Innate Abilities, Weirdness & Mutations

((You are very nimble when in or above water. (Stealth+, EV+, Speed+++)))
Your lower body shifts to a powerful aquatic tail in water.


Message History

An orc wizard comes into view. It is wielding a +0 dagger.
The orc priest casts a cantrip, but nothing happens.
You reach to attack!
You closely miss the orc warrior.
The orc wizard shouts!
You hit the orc warrior but do no damage.
The orc warrior hits you with a +0 dire flail!
The orc wizard gestures wildly while chanting.
The orc wizard flickers and vanishes!
Deactivating autopickup; reactivate with Ctrl-A.
Throw: throwing net
Press: ? - help, Q - select action, (/) - cycle Shift-Dir - straight line, f/p - orc warrior
Aim: an orc warrior, wielding a +0 dire flail and wearing a +0 chain mail (53% to hit)
You throw a throwing net. The throwing net hits the orc warrior.
The orc warrior is caught in the net!
The orc warrior struggles against the net.
The orc wizard mumbles some strange words.
The orc wizard flickers and vanishes!
You hit the orc warrior but do no damage.
The orc warrior struggles against the net.
You strike the helpless orc warrior from behind!
You hit the orc warrior but do no damage.
The orc warrior struggles against the net.
The orc priest mumbles some strange prayers to Beogh against you.
Beogh smites you!
You catch the helpless orc warrior completely off-guard!
You hit the orc warrior.
The orc warrior is lightly wounded.
The orc warrior struggles against the net.
The orc priest calls down the wrath of Beogh upon you.
Beogh smites you!
* * * LOW HITPOINT WARNING * * *
As you read the scroll labelled GIWNASECZY, it crumbles to dust.
It is a scroll of identify.
r - a potion of enlightenment The orc warrior struggles against the net.
The net rips apart, and the orc warrior comes free!
You feel very buoyant.
You fly up into the air.
The orc warrior hits you with a +0 dire flail.
You die...

... #......... #.#
#.#######. #.# #.# #. #o#
#.#.# #. #.# #.#.# #.
##.####.# #.#.# #.
......{o# #.#.# #. #o#
#.#.### #. #@# #.#...# #.
####'#####.###.#####.
#....................
#..........###.######
+..........# #.#
#..........###.######
.#########+###'#..##.......
.........#.# #.#..########.
##.......#.###.#..# #.


You could see an orc warrior, an orc priest and an orc.

Vanquished Creatures
  A jelly (D:2)
  An orc priest (D:3)
  An orc wizard (D:3)
  5 adders (D:2)
  A dart slug (D:1)
  3 orcs (D:3)
  6 endoplasms
  3 giant cockroaches
  6 goblins
  7 hobgoblins
  A kobold (D:3)
  2 quokkas
  4 ball pythons
  5 bats
  6 frilled lizards
  5 rats
57 creatures vanquished.

Notes
Turn   | Place    | Note
-------+----------+-------------------------------------------
     0 | D:1      | SmokeWeed the Merfolk Gladiator began the quest for the
                  | Orb.
     0 | D:1      | Reached XP level 1. HP: 16/16 MP: 1/1
   166 | D:1      | Reached XP level 2. HP: 21/22 MP: 2/2
   559 | D:1      | Reached XP level 3. HP: 27/27 MP: 3/3
   794 | D:2      | Reached skill level 5 in Polearms
   849 | D:2      | Reached XP level 4. HP: 34/34 MP: 4/4
   851 | D:2      | Reached skill level 1 in Armour
  1152 | D:2      | Reached XP level 5. HP: 38/39 MP: 5/5
  1173 | D:2      | Reached skill level 5 in Dodging
  1577 | D:3      | Found a hide-covered altar of Uskayaw.
  1606 | D:3      | Reached skill level 6 in Polearms
  1937 | D:3      | Noticed an orc warrior
  1946 | D:3      | HP: 1/39 [orc priest/divine providence (12)]
  1948 | D:3      | Slain by an orc warrior

Illustrated notes

Levels and vault maps discovered:
D:1:      ncdulo_lavacross, layout_loops_ring
D:2:      layout_rooms
D:3:      layout_basic, mainiacjoe_overflow_brackets, grunt_ministairs_12,
          nicolae_figureground_sparkle

Skill      XL: |  1  2  3  4  5 |
---------------+----------------+-----
Polearms       | 5 6 |  6.3
Armour         | 1 |  1.3
Dodging        | 5 |  5.1
Fighting       | |  2.7
Throwing       | |  2.1
Stealth        | |  0.7

Action                     |  1- 3 |  4- 6 || total
---------------------------+-------+-------++-------
  Melee: Trident           |   102 |    91 ||   193
         Punch             |     1 |       ||     1
  Throw: Throwing net      |       |     3 ||     3
    Use: Scroll            |       |     1 ||     1
         Potion            |       |     1 ||     1
   Stab: Held in net/web   |       |     6 ||     6
 Armour: Leather armour    |    17 |       ||    17
         Chain mail        |    34 |    49 ||    83
  Dodge: Dodged            |    44 |    26 ||    70

Table legend: (Time is in decaauts)
 A = Elapsed time spent in this place.
 B = Non-inter-level travel time spent in this place.
 C = Inter-level travel time spent in this place.
 D = Time resting spent in this place.
 E = Time spent auto-exploring this place.
 F = Levels seen in this place.
 G = Mean time per level.
                   A        B        C        D        E       F      G
               +--------+--------+--------+--------+--------+-----+--------+
         Total |   1953 |   1953 |      0 |    116 |   1376 |   3 |  651.0 |
       Dungeon |   1953 |   1953 |      0 |    116 |   1376 |   3 |  651.0 |
               +--------+--------+--------+--------+--------+-----+--------+

Top non-repeatable levels by time:
     D:1: 733 daAuts
     D:2: 687 daAuts
     D:3: 532 daAuts
